 Dungeon Crawl Stone Soup version 0.29.0-4-gdea44cf6ec (webtiles) character file.

Game seed: 8327878941311516308

357 qw the Chopper (level 6, -13/48 HPs)
             Began as a Formicid Cinder Acolyte on Sept 3, 2022.
             Was an Elder of Ignis.
             Mangled by an ogre
             ... wielding a +0 giant club
              (23 damage)
             ... on level 4 of the Dungeon.
             The game lasted 00:01:34 (3850 turns).

qw the Chopper (Formicid Cinder Acolyte)            Turns: 3850, Time: 00:01:34

Health: -13/48     AC:  9    Str: 21    XL:     6   Next: 96%
Magic:  7/7        EV: 11    Int: 13    God:    Ignis [****..]
Gold:   242        SH:  0    Dex:  9    Spells: 7/7 levels left

rFire   + . .      SeeInvis +   Y - -1 hand axe (flame)
rCold   . . .      Faith    .   (no shield)
rNeg    . . .      Spirit   .   b - +0 robe
rPois   .          Reflect  .   (helmet unavailable)
rElec   .          Harm     .   (no cloak)
rCorr   .          Rampage  .   (no gloves)
Will    .....                   (no boots)
Stlth   +.........              (no amulet)
HPRegen 0.16/turn               (no ring)
MPRegen 0.10/turn               (no ring)

@: fiery-armoured
A: permanent stasis, dig shafts and tunnels, antennae 3, four strong arms
a: Dig, Shaft Self, Renounce Religion, Fiery Armour, Foxfire Swarm, Rising Flame


You were on level 4 of the Dungeon.
You worshipped Ignis.
Ignis was greatly pleased with you.
You visited 1 branch of the dungeon, and saw 4 of its levels.

You collected 242 gold pieces.


Innate Abilities, Weirdness & Mutations

You cannot be hasted, slowed, berserked, paralysed or teleported.
You can dig through walls and to a lower floor.
You have a pair of large antennae on your head. (SInv)
Your four strong arms can wield two-handed weapons with a shield.


   Skills:
 - Level 4.2 Fighting
 + Level 6.6 Axes
 - Level 1.0 Dodging
 - Level 1.1 Spellcasting
 - Level 3.0 Fire Magic


You had 7 spell levels left.
You didn't know any spells.
Your spell library contained the following spells:

 Spells                   Type           Power      Damage    Failure   Level
 Scorch                   Fire           16%        2d5       12%         2

Inventory:

Hand Weapons
 Y - a -1 hand axe of flaming (weapon)
Armour
 b - a +0 robe (worn)
 g - a +0 leather armour
Scrolls
 d - 2 scrolls of identify
Potions
 a - a potion of haste
 c - 2 potions of might
 e - a potion of ambrosia {unknown}
 f - a potion of attraction {unknown}

Dungeon Overview and Level Annotations

Branches:
Dungeon (4/15)
 Temple: D:4-7

Altars:
Nemelex Xobeh
Sif Muna
Wu Jian
The Shining One

Annotations:
D:1 2 transporters


Message History

a +0 dagger; a +0 robe
Things that are here:
a +1 dagger of flaming; a +0 robe; an orc corpse
g - a +0 leather armour
Things that are here:
a +0 mace; an orc corpse You sense a monster nearby.
An ogre comes into view. It is wielding a +0 giant club.
The ogre shouts!
You hit the ogre. You burn the ogre.
The ogre is lightly wounded.
The ogre hits you with a +0 giant club!!
Ouch! That really hurt!
3842 ||| INVOKING Fiery Armour.
A protective cloak of flame settles atop you.
The ogre hits you with a +0 giant club!
The ogre is burned by your cloak of flames.
The ogre is moderately wounded.
You barely miss the ogre.
The ogre is moderately wounded.
You hit the ogre but do no damage.
The ogre is moderately wounded.
The ogre barely misses you.
You barely miss the ogre.
The ogre is moderately wounded.
The ogre misses you.
You hit the ogre but do no damage.
The ogre is moderately wounded.
You hit the ogre. You burn the ogre.
The ogre is moderately wounded.
The ogre completely misses you.
You hit the ogre but do no damage. Your punch misses the ogre.
The ogre is moderately wounded.
The ogre barely misses you.
You barely miss the ogre.
The ogre is moderately wounded.
You completely miss the ogre.
The ogre is moderately wounded.
The ogre hits you with a +0 giant club!!
You die...

##### #...#
###...# ......####
.........######
..............####
.........#......@#
###)).####.##.##O#
##)).# #.##.##.#
##....# #.##....#
....### #.####..#
##.## #.# #..# #.#
#.. ...# #.# ###
#.## #.#


You could see an ogre.

Vanquished Creatures
  Sigmund (D:2)
  An orc priest (D:4)
  Jessica (D:2)
  2 orc wizards (D:4)
  2 adders
  A worm (D:3)
  3 dart slugs
  An orc (D:4)
  5 ball pythons
  A bat (D:2)
  6 endoplasms (D:1)
  A giant cockroach (D:1)
  4 hobgoblins
  10 jackals (D:1)
  2 quokkas (D:3)
  2 frilled lizards
  7 goblins
  5 kobolds
  10 rats
65 creatures vanquished.

Vanquished Creatures (others)
  3 withered plants (D:3)
3 creatures vanquished.

Grand Total: 68 creatures vanquished

Notes
Turn   | Place    | Note
-------+----------+-------------------------------------------
     0 | D:1      | qw the Formicid Cinder Acolyte began the quest for the Orb.
     0 | D:1      | Reached XP level 1. HP: 18/18 MP: 2/2
     0 | D:1      | 0 ||| qw: Version: 0.1-a-102-g441f92d
     0 | D:1      | 0 ||| qw: Game counter: 5147
     0 | D:1      | 0 ||| qw: Always use a shield: true
     0 | D:1      | 0 ||| qw: God list: Okawaru
     0 | D:1      | 0 ||| qw: Allow faded altars: false
     0 | D:1      | 0 ||| qw: Do Orc after D:15 true
     0 | D:1      | 0 ||| qw: Do second Lair branch before Depths: true
     0 | D:1      | 0 ||| qw: Lair rune preference: random
     0 | D:1      | 0 ||| qw: Plans: Normal
     0 | D:1      | 0 ||| PLANNING D:1-11
    66 | D:1      | 66 ||| INVOKING Fiery Armour.
    74 | D:1      | Reached XP level 2. HP: 23/24 MP: 3/3
   187 | D:1      | Reached skill level 4 in Axes
   187 | D:1      | Reached XP level 3. HP: 29/29 MP: 4/4
   417 | D:1      | Reached skill level 1 in Dodging
  1070 | D:1      | 1070 ||| READING scroll labelled DADENOMN LEXAA.
  1071 | D:1      | 1071 ||| READING scroll labelled TISKUM OMUA.
  1072 | D:1      | 1072 ||| DRINKING 2 fuming sapphire potions.
  1073 | D:1      | 1073 ||| DRINKING 2 purple potions.
  1074 | D:1      | 1074 ||| DROPPING potion of flight.
  1075 | D:1      | 1075 ||| DROPPING potion of brilliance.
  1148 | D:2      | Noticed Jessica
  1151 | D:2      | Killed Jessica
  1152 | D:2      | Reached XP level 4. HP: 32/35 MP: 5/5
  1230 | D:2      | Noticed Sigmund
  1238 | D:2      | 1238 ||| INVOKING Fiery Armour.
  1241 | D:2      | Killed Sigmund
  1242 | D:2      | Reached skill level 6 in Axes
  1242 | D:2      | Reached XP level 5. HP: 14/41 MP: 6/6
  1242 | D:2      | Reached XP level 6. HP: 16/47 MP: 7/7
  1616 | D:2      | You fall into a shaft and drop 1 floor!
  1648 | D:3      | 1648 ||| READING scroll labelled JIMEAGYU YMAYRCH.
  1649 | D:3      | 1649 ||| DRINKING 2 sedimented purple potions.
  1650 | D:3      | 1650 ||| DROPPING potion of berserk rage.
  2174 | D:2      | 2174 ||| DRINKING 2 green potions.
  2227 | D:3      | Found a glowing golden altar of the Shining One.
  2322 | D:3      | Found a sparkling altar of Nemelex Xobeh.
  2352 | D:3      | Found a faded altar of an unknown god.
  2354 | D:3      | 2354 ||| Stepping ~*~*~tactically~*~*~ (hiding).
  2456 | D:3      | 2456 ||| Stepping ~*~*~tactically~*~*~ (hiding).
  2599 | D:3      | Found an ornate altar of the Wu Jian Council.
  2707 | D:3      | 2707 ||| Stepping ~*~*~tactically~*~*~ (stealth).
  2710 | D:3      | 2710 ||| Stepping ~*~*~tactically~*~*~ (stealth).
  2711 | D:3      | 2711 ||| Stepping ~*~*~tactically~*~*~ (stealth).
  2712 | D:3      | 2712 ||| Stepping ~*~*~tactically~*~*~ (stealth).
  2713 | D:3      | 2713 ||| Stepping ~*~*~tactically~*~*~ (stealth).
  2714 | D:3      | 2714 ||| Stepping ~*~*~tactically~*~*~ (stealth).
  2715 | D:3      | 2715 ||| Stepping ~*~*~tactically~*~*~ (stealth).
  2716 | D:3      | 2716 ||| Stepping ~*~*~tactically~*~*~ (stealth).
  2717 | D:3      | 2717 ||| Stepping ~*~*~tactically~*~*~ (stealth).
  2718 | D:3      | 2718 ||| Stepping ~*~*~tactically~*~*~ (stealth).
  2719 | D:3      | 2719 ||| Stepping ~*~*~tactically~*~*~ (stealth).
  2720 | D:3      | 2720 ||| Stepping ~*~*~tactically~*~*~ (stealth).
  2721 | D:3      | 2721 ||| Stepping ~*~*~tactically~*~*~ (stealth).
  2723 | D:3      | 2723 ||| Stepping ~*~*~tactically~*~*~ (stealth).
  3028 | D:3      | 3028 ||| INVOKING Fiery Armour.
  3290 | D:3      | 3290 ||| READING 3 scrolls labelled IBUDGH MIAZUPOM.
  3291 | D:3      | 3291 ||| READING scroll labelled YSHYSE YJUMACH.
  3433 | D:3      | 3433 ||| DRINKING 3 bubbling red potions.
  3478 | D:4      | Found a shimmering blue altar of Sif Muna.
  3641 | D:4      | 3641 ||| Stepping ~*~*~tactically~*~*~ (hiding).
  3646 | D:4      | 3646 ||| INVOKING Fiery Armour.
  3836 | D:4      | Noticed an ogre
  3842 | D:4      | 3842 ||| INVOKING Fiery Armour.
  3842 | D:4      | HP: 9/48 [ogre/+0 giant club (13)]
  3850 | D:4      | Mangled by an ogre

Levels and vault maps discovered:
D:1:      spicycebolla_arrival_transporter_tutorial, layout_basic
D:2:      layout_basic, uniq_sigmund, uniq_jessica
D:3:      layout_basic, nicolae_wu_jian_glorious_leap,
          mainiacjoe_overflow_catwalk_spiral,
          ebering_ecumenical_altar_petrified, amethyst_killhole,
          dreamdust_mushroom_princess, st_stairs_10
D:4:      layout_loops_ring, nicolae_sif_muna_condensation, corner_web_ring,
          serial_park_tiny_pond, uniq_ijyb

Skill      XL: |  1  2  3  4  5  6 |
---------------+-------------------+-----
Axes           | 4 6 |  6.6
Dodging        | 1 |  1.0
Fighting       | 4 |  4.2
Spellcasting   | |  1.1
Fire Magic     | |  3.0

Action                   |  1- 3 |  4- 6 || total
-------------------------+-------+-------++-------
Melee: Hand axe          |    85 |   107 ||   192
       Punch             |     2 |     1 ||     3
Invok: Fiery Armour      |     1 |     4 ||     5
  Use: Scroll            |     2 |     3 ||     5
       Potion            |     2 |     3 ||     5
Armor: Robe              |    20 |    12 ||    32
Dodge: Dodged            |    54 |    44 ||    98

Table legend:
 A = Non-vault XP
 B = Vault XP
 C = Vault XP percentage of total XP
 D = Non-vault monster count
 E = Vault monster count
 F = Vault count percentage of total count
                 A         B        C        D         E       F
            +---------+---------+-------+---------+---------+-------
      Total |     244 |     267 |  52.3 |      60 |       5 |   7.7
            +---------+---------+-------+---------+---------+-------
        D:1 |      64 |       0 |   0.0 |      36 |       0 |   0.0
        D:2 |      35 |     263 |  88.3 |      12 |       2 |  14.3
        D:3 |      17 |       4 |  19.0 |       7 |       3 |  30.0
        D:4 |     128 |       0 |   0.0 |       5 |       0 |   0.0
            +---------+---------+-------+---------+---------+-------
